 Dungeon Crawl Stone Soup version 0.30.0-29-ga12c61a403 (webtiles) character file.

Game seed: 9411277922400471826

44627 Dadi the Thaumaturge (level 13, -5/73 (80) HPs)
             Began as a Deep Elf Conjurer on June 17, 2023.
             Was a High Priest of Vehumet.
             Slain by a sea snake (7 damage)
             ... on level 5 of the Lair of Beasts.
             The game lasted 01:05:07 (25953 turns).

Dadi the Thaumaturge (Deep Elf Conjurer)           Turns: 25953, Time: 01:05:08

HP:   -5/73 (80)    AC: 10    Str:  4    XL:     13   Next: 97%
MP:   19/32         EV: 13    Int: 29    God:    Vehumet [*****.]
Gold: 1363          SH:  9    Dex: 13    Spells: 19/38 levels left

rFire   + . .        P - +5 short sword of Ycwax {freeze, rF+ Will+}
rCold   + + .        Q - +0 kite shield
rNeg    . . .        O - +0 steam dragon scales
rPois   .            x - +1 helmet
rElec   .            t - +0 cloak
rCorr   .            E - +0 pair of gloves
SInv    .            c - +0 pair of boots
Will    ++...        D - amulet of faith
Stlth   ++           U - ring of protection from cold
HPRegen 0.32/turn    V - ring of protection from cold
MPRegen 0.23/turn

%: faith
@: lethally poisoned (-5 -> -54), drained
A: no striking features
a: Renounce Religion


You were on level 5 of the Lair of Beasts.
You worshipped Vehumet.
Vehumet was extremely pleased with you.
You visited 3 branches of the dungeon, and saw 19 of its levels.
You also visited: Ossuary and Bailey.

You collected 1363 gold pieces.

Inventory:

Hand Weapons
 P - the +5 short sword of Ycwax (weapon) {freeze, rF+ Will+}
   (You found it on level 3 of the Dungeon)

   rF:        It protects you from fire.
   Will:      It increases your willpower.
Missiles
 S - 3 throwing nets
Armour
 a - a +0 robe
 c - a +0 pair of boots (worn)
 t - a +0 cloak (worn)
 w - a +2 animal skin
 x - a +1 helmet (worn)
 E - a +0 pair of gloves (worn)
 N - +0 acid dragon scales
 O - +0 steam dragon scales (worn)
 Q - a +0 kite shield (worn)
Magical Staves
 u - a staff of cold
 v - a staff of conjuration
Jewellery
 D - an amulet of faith (around neck)
 U - a ring of protection from cold (left hand)
 V - a ring of protection from cold (right hand)
Wands
 d - a wand of charming (8)
 q - a wand of polymorph (5)
 Y - a wand of digging (6)
 Z - a wand of iceblast (3)
Scrolls
 h - 2 scrolls of vulnerability
 l - a scroll of blinking
 m - 11 scrolls of teleportation
 n - 3 scrolls of noise
 y - 3 scrolls of immolation
 A - 2 scrolls of enchant weapon
 B - 2 scrolls of summoning
 F - 2 scrolls of identify
 G - a scroll of poison
 I - 2 scrolls of amnesia
 J - a scroll of fear
 K - 2 scrolls of brand weapon
 M - 2 scrolls of enchant armour
 R - 2 scrolls of magic mapping
Potions
 b - 4 potions of magic
 e - 9 potions of flight
 f - 6 potions of brilliance
 g - 7 potions of haste
 i - 2 potions of curing
 j - 4 potions of mutation
 k - 5 potions of degeneration
 o - 4 potions of lignification
 p - 8 potions of heal wounds
 r - 4 potions of attraction
 z - 3 potions of might
 H - 2 potions of resistance
 T - a potion of invisibility
 W - a potion of cancellation
 X - 2 potions of ambrosia


   Skills:
 - Level 9.0 Fighting
 - Level 12.0 Dodging
 - Level 2.4 Stealth
 + Level 4.3 Shields
 - Level 13.2 Spellcasting
 - Level 13.0 Conjurations
 - Level 8.0 Hexes
 - Level 0.7 Transmutations
 - Level 8.3 Fire Magic
 - Level 8.3 Earth Magic


You had 19 spell levels left.
You knew the following spells:

 Your Spells              Type           Power      Damage    Failure   Level
a - Magic Dart            Conj           100%       1d8       1%          1
b - Searing Ray           Conj           100%       2d8       1%          2
c - Dazzling Flash        Conj/Hex       100%       N/A       1%          3
d - Fulminant Prism       Conj/Hex       34%        3d15      1%          4
e - Yara's Violent Unrav  Hex/Tmut       22%        3d10      32%         5
f - Flame Wave            Conj/Fire      69%        2d16      1%          4

Your spell library contained the following spells:

 Spells                   Type           Power      Damage    Failure   Level
 Momentum Strike          Conj/Tloc      100%       3d10      1%          2
 Hailstorm                Conj/Ice       54%        3d12      1%          3
 Inner Flame              Hex/Fire       61%        N/A       1%          3
 Tukima's Dance           Hex            60%        N/A       3%          3
 Iskenderun's Mystic Bla  Conj/Tloc      54%        2d12      5%          4
 Leda's Liquefaction      Hex/Erth       30%        N/A       11%         4
 Irradiate                Conj/Tmut      28%        3d21      13%         5
 Portal Projectile        Hex/Tloc       84%        N/A       17%         3
 Summon Guardian Golem    Hex/Summ       42%        N/A       17%         3
 Apportation              Tloc           38%        N/A       30%         1
 Summon Small Mammal      Summ           76%        N/A       30%         1
 Blink                    Tloc           38%        N/A       41%         2
 Lesser Beckoning         Tloc           38%        N/A       41%         2
 Petrify                  Tmut/Erth      45%        N/A       41%         4
 Conjure Ball Lightning   Conj/Air       27%        3x3d8     58%         6
 Call Canine Familiar     Summ           19%        N/A       65%         3
 Gell's Gravitas          Tloc           19%        N/A       65%         3
 Teleport Other           Tloc           19%        N/A       65%         3
 Borgnjor's Vile Clutch   Necr/Erth      21%        N/A       83%         5
 Metabolic Englaciation   Hex/Ice        21%        N/A       85%         5
 Silence                  Hex/Air        21%        N/A       85%         5
 Blade Hands              Tmut           11%        N/A       99%         5
 Agony                    Necr           19%        N/A       100%        5
 Alistair's Intoxication  Tmut/Pois      14%        N/A       100%        5
 Dispersal                Tloc           9%         N/A       100%        6
 Statue Form              Tmut/Erth      30%        N/A       100%        6
 Dragon Form              Tmut           11%        N/A       100%        7
 Enfeeble                 Hex            30%        N/A       100%        7
 Discord                  Hex            30%        N/A       100%        8
 Disjunction              Tloc           9%         N/A       100%        8


Dungeon Overview and Level Annotations

Branches:
Dungeon (12/15)              Lair (5/5) D:9           Swamp (0/4) Lair:2
  Snake (0/4) Lair:2        Slime (0/5) Lair:4          Orc (2/2) D:10
Ossuary (visited)          Bailey (visited)
 Temple: D:4-7          Elf: Orc:2

Altars:
Elyvilon
Nemelex Xobeh
Okawaru
Qazlal
Trog
Vehumet
Wu Jian
Xom
Yredelemnul
Jiyva

Shops:
D:1 :   Orc:2 (

Annotations:
Lair:2 2 transporters, Rihosch's ghost, journeyman KoHu
Lair:5 Nessos


Message History

Vehumet accepts your kill.
You feel your power returning.
The blast of energy engulfs the sea snake!!
The sea snake is severely wounded.
The sea snake bites you.
* * * LOW HITPOINT WARNING * * *
You block the sea snake's attack.
You hear a shout!
You hear a bellow!
You hear an angry growl.
You feel better. The sea snake bites you.
You are lethally poisoned!
The sea snake poisons you! You block the sea snake's attack.
The sea snake barely misses you.
You feel better.
You feel yourself speed up. You block the sea snake's attack.
The sea snake misses you. The sea snake closely misses you.
You block the sea snake's attack.
Casting: Searing Ray (safe; 1% risk of failure)
Confirm with . or Enter, or press ? or * to list all spells.
Aiming: Fulminant Prism (dangerous; 1% risk of failure)
Press: ? - help, Dir - move target You conjure a prism of explosive energy!
A fulminant prism comes into view.
The sea snake bites you but does no damage.
You block the sea snake's attack.
Casting: Fulminant Prism (dangerous; 1% risk of failure)
Confirm with . or Enter, or press ? or * to list all spells.
Aiming: Searing Ray (safe; 1% risk of failure)
Press: ? - help, Shift-Dir - straight line, f - sea snake
Aim: a sea snake (72% to hit)
The searing ray hits the sea snake!
The sea snake is lightly wounded. (Press . to maintain the ray.)
The sea snake bites you!
* * * LOW HITPOINT WARNING * * *
You are lethally poisoned!
The sea snake poisons you! The sea snake bites you!!
* * * LOW HITPOINT WARNING * * *
Your fulminant prism crackles loudly.
The sea snake bites you!
You die...

.........##.....#
.....#.....#.⌠..#### #.#
..######...##.##...## ....
### ##............##.... ##
#......#............# .###
###....###.........#.. ...#
#........##<..........
..####......###..S.........
...#.#....### ##@..*.......
....#....## #.S.........
...#.....# ##..........
...#....## ##......P.
.......## ..#....!.
......## ......... .#.....
###...... #....##. #.##..
....#. #


You could see 2 sea snakes and a friendly fulminant prism.

Vanquished Creatures
  Harold (D:11)
  A hydra (Lair:4)
  5 two-headed ogres
  6 death yaks
  An orc knight (Orc:2)
  2 orc sorcerers
  A cyclops (Orc:1)
  3 black mambas
  5 elephants
  10 cane toads
  A gargoyle (D:12)
  A torpor snail (Lair:4)
  An unseen horror (D:10)
  9 komodo dragons
  A rime drake (Lair:3)
  8 trolls
  A polar bear (Lair:5)
  6 hornets
  A tyrant leech (Lair:2)
  Prince Ribbit (D:8)
  19 blink frogs
  11 slime creatures (D:12)
  A wraith (D:12)
  4 spriggans (Bailey)
  2 wyverns (Lair:5)
  3 basilisks
  28 yaks
  5 steam dragons
  Grum (D:8)
  3 acid dragons
  5 wargs
  2 swamp worms (Lair:2)
  6 water moccasins
  2 ice beasts
  18 orc warriors
  6 sky beasts
  14 ogres
  12 wolves
  3 centaurs
  3 phantoms
  A kobold brigand (D:9)
  A gnoll sergeant (D:9)
  9 bullfrogs
  11 scorpions
  15 wights
  3 killer bees
  2 howler monkeys
  4 centaur zombies (Ossuary)
  8 jellies
  6 orc priests
  3 hounds (D:5)
  A gnoll bouda (D:8)
  4 human zombies (Ossuary)
  4 sleepcaps
  Crazy Yiuf (D:3)
  6 iguanas
  Terence (D:3)
  3 scorpion zombies (Ossuary)
  15 orc wizards
  7 hell rats (Lair:1)
  A statue (D:5)
  3 mummies (Ossuary)
  Robin (D:3)
  11 adders
  13 gnolls
  A shadow imp (D:7)
  A white imp (D:5)
  2 ufetubi (D:6)
  A worm (D:2)
  5 dart slugs
  46 orcs
  14 ball pythons
  10 endoplasms
  4 giant cockroaches
  7 hobgoblins
  3 jackals
  4 quokkas
  6 bats
  18 frilled lizards
  17 goblins
  A goblin zombie (Ossuary)
  2 hobgoblin zombies (Ossuary)
  15 kobolds
  3 kobold zombies (Ossuary)
  An orc zombie (Ossuary)
  7 rats
515 creatures vanquished.

Vanquished Creatures (others)
  211 fulminant prisms
211 creatures vanquished.

Grand Total: 726 creatures vanquished

Notes
Turn   | Place    | Note
-------+----------+-------------------------------------------
     0 | D:1      | Dadi the Deep Elf Conjurer began the quest for the Orb.
     0 | D:1      | Reached XP level 1. HP: 10/10 MP: 6/6
   288 | D:1      | Reached XP level 2. HP: 15/15 MP: 5/8
   463 | D:1      | Found Qilel's Book Boutique.
  1138 | D:2      | Reached skill level 5 in Conjurations
  1163 | D:2      | Reached XP level 3. HP: 19/19 MP: 8/10
  1460 | D:2      | Learned a level 2 spell: Searing Ray
  1464 | D:2      | Learned a level 3 spell: Dazzling Flash
  1982 | D:2      | Reached XP level 4. HP: 24/24 MP: 10/12
  2044 | D:2      | Learned a level 4 spell: Fulminant Prism
  2435 | D:3      | Found a sparkling altar of Nemelex Xobeh.
  2438 | D:3      | Identified the +5 short sword of Ycwax {freeze, rF+ Will+}
  2545 | D:2      | Reached skill level 1 in Hexes
  2620 | D:3      | Reached skill level 5 in Spellcasting
  2919 | D:3      | Noticed Robin
  2928 | D:3      | Reached XP level 5. HP: 27/28 MP: 6/14
  2934 | D:3      | Killed Robin
  3346 | D:3      | Noticed Terence
  3351 | D:3      | Killed Terence
  3440 | D:3      | Found a runed translucent door.
  3441 | D:3      | Noticed Crazy Yiuf
  3626 | D:3      | Killed Crazy Yiuf
  3827 | D:4      | Reached XP level 6. HP: 22/32 MP: 7/17
  3933 | D:4      | Noticed an orc warrior
  4157 | D:4      | Reached XP level 7. HP: 36/36 MP: 10/19
  4580 | D:4      | Reached skill level 5 in Hexes
  4794 | D:4      | Found a bloodstained altar of Trog.
  4946 | D:5      | Entered Level 5 of the Dungeon
  5296 | D:5      | Reached skill level 1 in Fighting
  5296 | D:5      | Reached XP level 8. HP: 43/43 MP: 13/20
  5586 | D:5      | Found a basalt altar of Yredelemnul.
  6023 | D:5      | Found a radiant altar of Vehumet.
  6041 | D:5      | Reached skill level 5 in Dodging
  6181 | D:5      | Became a worshipper of Vehumet
  6910 | D:6      | Found a sand-covered staircase.
  6915 | Ossuary  | Entered an ossuary
  7032 | Ossuary  | Reached XP level 9. HP: 52/52 MP: 15/21
  7259 | Ossuary  | Reached * piety under Vehumet
  7259 | Ossuary  | Offered knowledge of Kiss of Death by Vehumet.
  8051 | D:6      | Reached skill level 5 in Fighting
  8432 | D:6      | Noticed a two-headed ogre
  8444 | D:6      | Killed a two-headed ogre
  8544 | D:6      | Found a white marble altar of Elyvilon.
  8575 | D:6      | Found an iron altar of Okawaru.
  8575 | D:6      | Found a shimmering altar of Xom.
  8616 | D:6      | Found a stormy altar of Qazlal.
  8902 | D:7      | Offered knowledge of Foxfire by Vehumet.
  8950 | D:7      | Reached ** piety under Vehumet
  9170 | D:7      | Identified the +3 great sword of Abuse {heavy, Str+2 Int+3
                  | Dex-3}
  9360 | D:7      | Reached XP level 10. HP: 45/59 MP: 17/23
  9585 | D:7      | You fall into a shaft and drop 2 floors!
  9613 | D:8      | Found a flagged portal.
  9629 | D:8      | Noticed Prince Ribbit
  9638 | D:8      | Killed Prince Ribbit
  9766 | Bailey   | Entered a bailey
 10469 | Bailey   | Offered knowledge of Momentum Strike by Vehumet.
 10614 | Bailey   | Noticed a two-headed ogre
 10626 | Bailey   | Killed a two-headed ogre
 10627 | Bailey   | Reached skill level 10 in Spellcasting
 11011 | D:8      | Noticed Grum
 11016 | D:8      | Reached *** piety under Vehumet
 11023 | D:8      | Killed Grum
 11024 | D:8      | Reached skill level 10 in Conjurations
 11485 | D:8      | Found an ornate altar of the Wu Jian Council.
 11960 | D:9      | Offered knowledge of Inner Flame by Vehumet.
 12073 | D:9      | Reached XP level 11. HP: 64/64 MP: 18/28
 12297 | D:9      | Reached **** piety under Vehumet
 12473 | D:9      | Noticed a two-headed ogre
 12479 | D:9      | Killed a two-headed ogre
 12523 | D:9      | Found a staircase to the Lair.
 12815 | Lair:1   | Entered Level 1 of the Lair of Beasts
 12875 | Lair:1   | Offered knowledge of Yara's Violent Unravelling by Vehumet.
 14002 | Lair:2   | Reached ***** piety under Vehumet
 14021 | Lair:2   | Offered knowledge of Ozocubu's Refrigeration by Vehumet.
 14084 | Lair:2   | Found a transporter.
 14085 | Lair:2   | Found a transporter.
 14105 | Lair:2   | Noticed Rihosch's ghost (journeyman KoHu)
 14156 | Lair:2   | Reached skill level 10 in Dodging
 14417 | Lair:2   | Reached XP level 12. HP: 71/71 MP: 26/31
 14828 | Lair:2   | Found a staircase to the Swamp.
 15006 | Lair:2   | Found a staircase to the Snake Pit.
 16527 | Lair:4   | Noticed a death yak
 16707 | Lair:4   | Noticed a six-headed hydra
 16807 | Lair:4   | Killed a death yak
 16972 | Lair:4   | Killed a six-headed hydra
 17202 | Lair:4   | Learned a level 5 spell: Yara's Violent Unravelling
 17532 | Lair:4   | Found a viscous altar of Jiyva.
 17553 | Lair:4   | Found a staircase to the Slime Pits.
 17607 | Lair:4   | Reached skill level 1 in Fire Magic
 17607 | Lair:4   | Reached skill level 1 in Earth Magic
 17806 | Lair:5   | Entered Level 5 of the Lair of Beasts
 17925 | Lair:5   | Noticed Nessos
 18041 | Lair:5   | Noticed a death yak
 18042 | Lair:5   | Noticed a death yak
 18042 | Lair:5   | Noticed a death yak
 18042 | Lair:5   | Noticed a death yak
 18048 | Lair:5   | Noticed a death yak
 18051 | Lair:5   | Killed a death yak
 18054 | Lair:5   | Killed a death yak
 18054 | Lair:5   | Killed a death yak
 18057 | Lair:5   | Killed a death yak
 18061 | Lair:5   | Killed a death yak
 18062 | Lair:5   | Reached XP level 13. HP: 49/80 MP: 16/32
 18399 | Lair:5   | Reached skill level 5 in Fire Magic
 18399 | Lair:5   | Reached skill level 5 in Earth Magic
 19165 | D:10     | Entered Level 10 of the Dungeon
 19596 | D:10     | Found a staircase to the Orcish Mines.
 19931 | Orc:1    | Entered Level 1 of the Orcish Mines
 20185 | Orc:1    | Offered knowledge of Flame Wave by Vehumet.
 20489 | Orc:2    | Entered Level 2 of the Orcish Mines
 20489 | Orc:2    | Found Watwaemu's Antique Weapon Boutique.
 20671 | Orc:1    | Reached ****** piety under Vehumet
 22127 | D:11     | Noticed Harold
 22141 | D:11     | Killed Harold
 23455 | D:11     | Learned a level 4 spell: Flame Wave
 23536 | D:12     | Identified the +11 great sword of Nuhedokh {holy, Drain
                  | rPois Int+8}
 23994 | D:12     | Reached skill level 1 in Shields
 24677 | D:12     | Got the Tractate on Harmful Bedrock
 25953 | Lair:5   | HP: 2/73 [sea snake (18)]
 25953 | Lair:5   | Slain by a sea snake

Illustrated notes

Levels and vault maps discovered:
D:1:      spicycebolla_arrival_xxxplode, layout_loops_ring, serial_shops, shop
D:2:      minmay_door_path, layout_basic, minmay_misc_feat_tiny,
          minmay_lizard_king
D:3:      layout_rooms, nemelex_xobeh_ov_fountains_minmay,
          serial_co_window_serial, co_window_corner_a,
          co_window_of_opportunity_a, co_window_of_opportunity_a,
          co_window_paths_a, co_window_cross_1, co_window_cross_3,
          co_window_of_opportunity_c, co_window_2corner,
          co_window_of_opportunity_b, co_window_corner_b, glass_columns_a,
          glass_columns_a, uniq_terence, uniq_robin, uniq_crazy_yiuf_cottage
D:4:      layout_rooms, lemuel_coloured_pillars_altar, grunt_ministairs_7
D:5:      minmay_skewed_foursquare, layout_loops_cross, lemuel_round_altar,
          vehumet_statue, hangedman_abyss_or_decor_passed,
          kennysheep_generic_room_8
D:6:      nicolae_cairo_tiling_large, layout_cave_pools,
          nicolae_elyvilon_temple_path, nicolae_qazlal_beasts_of_the_sky,
          nicolae_overflow_two_pavilions, enter_ossuary_2,
          nicolae_elevator_lobby_asterisk
D:7:      layout_basic, minmay_temple_entry_waves, lightli_orcish_oven
D:8:      layout_gridville, mainiacjoe_overflow_alcove_1, enter_bailey_3,
          uniq_prince_ribbit1, uniq_grum
D:9:      layout_rooms, erik_lair_orcish_takeover
D:10:     layout_loops_cross, david_orc_2
D:11:     layout_loops_corners, uniq_harold
D:12:     layout_loops_ring, serial_aquarium, aquarium_bridge_square
          [aquarium_subvault_bridge, aquarium_subvault_bridge,
          aquarium_subvault_bridge, aquarium_subvault_wall],
          aquarium_bridge_square [aquarium_subvault_bridge,
          aquarium_subvault_window, aquarium_subvault_wall,
          aquarium_subvault_bridge], aquarium_window_3, aquarium_window_2,
          aquarium_view_2d, aquarium_balcony_1b, hangedman_misty_isle
Lair:1:   layout_cellular_growth
Lair:2:   layout_cellular_growth, minmay_swamp_entry_worms, dummy_snake_entry,
          gammafunk_ghost_hive, dreamdust_wasp_nest, grunt_megastairs_1
Lair:3:   layout_regular_city, serial_bayou_pond_a, infiniplex_staircase_pool
Lair:4:   layout_misc_corridors, nicolae_slime_entry_field_trip
Lair:5:   gammafunk_lair_ancient_temple, layout_cave_pods, grunt_megastairs_3,
          uniq_nessos
Orc:1:    layout_diamond_mine
Orc:2:    grunt_orc_gardens, layout_caves, grunt_orc_garden, grunt_orc_garden,
          grunt_orc_garden, grunt_orc_garden, mines5_lemuel

Skill      XL: |  1  2  3  4  5  6  7  8  9 10 11 12 13 |
---------------+----------------------------------------+-----
Spellcasting   | 4 5 6 7 11 13 | 13.2
Conjurations   | 5 6 7 10 12 13 | 13.0
Hexes          | 1 3 4 7 8 |  8.0
Fighting       | 1 4 6 9 |  9.0
Dodging        | 3 6 9 10 12 | 12.0
Fire Magic     | 4 8 |  8.3
Earth Magic    | 4 8 |  8.3
Shields        | 4 |  4.3
Stealth        | |  2.4
Transmutations | |  0.7

Action                     |  1- 3 |  4- 6 |  7- 9 | 10-12 | 13-15 || total
---------------------------+-------+-------+-------+-------+-------++-------
  Melee: Long sword        |       |     6 |       |       |       ||     6
         Staff             |       |       |     4 |     4 |     2 ||    10
   Cast: Magic Dart        |    94 |    82 |   237 |   214 |    83 ||   710
         Searing Ray       |       |    13 |    60 |    74 |    62 ||   209
         Fulminant Prism   |       |     1 |     5 |    97 |   112 ||   215
         Dazzling Flash    |       |       |       |       |     6 ||     6
    Use: Scroll            |       |       |    12 |     2 |    19 ||    33
         Potion            |       |       |       |       |     3 ||     3
 Armour: Robe              |     3 |     9 |       |       |       ||    12
         Animal skin       |       |       |    40 |     5 |       ||    45
         Steam dragon scal |       |       |       |    32 |    34 ||    66
  Dodge: Dodged            |     3 |    27 |    93 |   130 |   157 ||   410
  Block: Kite shield       |       |       |       |       |    20 ||    20
